 Dungeon Crawl Stone Soup version 0.14-a0-2061-g6c6fb9c (webtiles) character file.

3570 Faustar the Conjurer (level 9, -4/49 HPs)
             Began as a Deep Elf Wizard on Jan 21, 2014.
             Was an Initiate of Vehumet.
             Slain by a black mamba (12 damage)
             ... on Level 1 of the Lair of Beasts.
             The game lasted 01:28:01 (11938 turns).

Faustar the Conjurer (Deep Elf Wizard)             Turns: 11938, Time: 01:28:01

HP  -4/49        AC  8     Str  7      XL: 9   Next: 59%
MP   8/27        EV 12     Int 24      God: Vehumet [......]
Gold 481         SH  0     Dex 11      Spells:  3 memorised, 16 levels left

rFire  x . .     SeeInvis .     s - +1,+3 elf dagger (protect)
rCold  + + .     Clarity  .     a - +0 elf robe
rNeg   . . .     Conserve .     (no shield)
rPois  .         rCorr    .     B - +1 orc hat
rElec  .         rRot     .     (no cloak)
SustAb . .       Spirit   .     (no gloves)
rMut   .         Warding  .     (no boots)
Saprov . . .     Stasis   .     (no amulet)
MR     +....                    e - ring of ice
                                m - ring of protection from magic

@: mildly poisoned, somewhat resistant to hostile enchantments, fairly stealthy
A: clumsy 1, cold resistance 1, robust 1
a: Renounce Religion


You were on level 1 of the Lair of Beasts.
You worshipped Vehumet.
Vehumet was noncommittal.
You were not hungry.

You visited 3 branches of the dungeon, and saw 10 of its levels.
You also visited: Sewer.

You collected 481 gold pieces.

Inventory:

Hand weapons
 s - a +1,+3 elven dagger of protection (weapon)
 C - a +0,+1 scythe of dragon slaying
Armour
 a - a +0 elven robe (worn)
 B - a +1 orcish hat (worn)
Magical devices
 p - a wand of cold (4)
 y - a wand of confusion (3)
 G - a wand of slowing (0)
 K - a wand of magic darts (1)
 L - a wand of cold (8)
Comestibles
 d - 8 bread rations
 q - 4 meat rations
 u - 8 honeycombs
Scrolls
 b - a scroll of recharging {unknown}
 f - a scroll of curse armour {unknown}
 i - 4 scrolls of amnesia
 j - a scroll of enchant armour {unknown}
 k - 6 scrolls of identify
 o - 5 scrolls of teleportation
 x - 2 scrolls of remove curse
Jewellery
 e - a ring of ice (right hand)
 m - a ring of protection from magic (left hand)
 r - a +3 ring of strength
Potions
 g - a potion of restore abilities
 l - 2 potions of heal wounds
 t - a potion of curing
Books
 c - a book of Minor Magic

   Spells                             Type                      Level
   *Magic Dart                        Conjuration                  1
   Blink                              Translocation                2
   *Call Imp                          Summoning                    2
   Repel Missiles                     Charms/Air                   2
   Slow                               Hexes                        2
   Conjure Flame                      Conjuration/Fire             3
   *Mephitic Cloud                    Conjuration/Poison/Air       3
 n - a book of Clouds

   Spells                             Type                      Level
   *Mephitic Cloud                    Conjuration/Poison/Air       3
   Conjure Flame                      Conjuration/Fire             3
   Poisonous Cloud                    Conjuration/Poison/Air       6
   Freezing Cloud                     Conjuration/Ice/Air          6
   Ring of Flames                     Charms/Fire                  7
Magical staves
 h - an uncursed staff of summoning


   Skills:
 - Level 2.4 Dodging
 - Level 2.4 Stealth
 - Level 7.1 Spellcasting
 + Level 10.3 Conjurations
 - Level 1.1 Summonings
   Level 1.1 Translocations
 + Level 7.7 Air Magic
 - Level 3.6 Poison Magic


You had 16 spell levels left.
You knew the following spells:

 Your Spells              Type           Power        Failure   Level  Hunger
a - Magic Dart            Conj           ####         1%          1    None
b - Call Imp              Summ           ##........   10%         2    None
c - Mephitic Cloud        Conj/Pois/Air  #####...     1%          3    None


Dungeon Overview and Level Annotations

Branches:
Dungeon (8/16)             Temple (1/1) D:7            Lair (1/8) D:8

Altars:
Ashenzari
Elyvilon
Kikubaaqudgha
Makhleb
Nemelex Xobeh
Okawaru
Sif Muna
Trog
Vehumet
Yredelemnul
Zin
the Shining One

Shops:
D:7 *:%

Annotations:
D:3 Grinder


Innate Abilities, Weirdness & Mutations

You are clumsy. (Dex -2)
Your flesh is cold resistant.
You are robust (+10% HP).


Message History

Drink which item? (? for menu, Esc to quit)
You feel better. The black mamba bites your white imp.
The black mamba bites your white imp!
Your white imp dies!
Casting: Call Imp
Confirm with . or Enter, or press ? or * to list all spells.
A beastly little devil appears in a puff of flame.
Something closely misses your crimson imp.
The black mamba bites your crimson imp!
Your crimson imp dies!
Casting: Call Imp
Confirm with . or Enter, or press ? or * to list all spells.
A shadowy apparition takes form in the air.
The black mamba bites you!
* * * LOW HITPOINT WARNING * * *
You are poisoned.
The black mamba poisons you!
Your crimson imp hits the black mamba.
* * * LOW HITPOINT WARNING * * *
You feel sick. The black mamba bites you!
You die...

## #..#.#########.##
#.###...............#
##..........######.##
#...........# ###
#..##.####..# #..##.#
#..## #..##.####...## ###
####...#.S..5....#####.##
#.......@##5#...........#
#P.#...#........######..#
##.#..####.##...f# ##§.
#.#...######...## #§.
######.#............#
##§§
#%%%...#.########.#.#
#... ##%###..#.# #...#
##.. #.%.#.....# #...#
#.. #.%%#...### #.....
.....#


You could see a black mamba and a friendly shadow imp.

Vanquished Creatures
  A komodo dragon (Lair:1)
  A yak (D:8)
  A hippogriff (D:7)
  An orc warrior (D:6)
  A phantom (D:6)
  A sky beast (D:6)
  A black bear (D:6)
  Sigmund (D:4)
  A crocodile (D:8)
  A giant frog (D:8)
  17 killer bees
  A goliath beetle (D:6)
  Dowan (D:6)
  4 crimson imps
  9 orc priests
  3 worker ants
  A giant frog skeleton (D:6)
  3 orc wizards
  2 iguanas
  2 scorpions
  Jessica (D:2)
  6 adders
  4 gnolls
  A white imp (Lair:1)
  3 giant mites
  4 worms
  7 giant geckos
  7 oozes
  15 orcs
  3 ball pythons
  16 bats
  11 hobgoblins
  14 jackals
  10 kobolds
  A quokka (D:6)
  6 giant cockroaches
  5 giant newts
  11 goblins
  A hobgoblin skeleton (D:4)
  11 rats
  A toadstool (D:1)
191 creatures vanquished.

Vanquished Creatures (collateral kills)
  A necrophage (D:7)
  An ice beast (D:7)
  An orc warrior (D:7)
  An ogre (D:4)
  A crocodile (D:8)
  Duvessa (D:6)
  A komodo dragon skeleton (D:7)
  2 worker ants (D:6)
  An ogre skeleton (D:5)
  Terence (D:3)
  5 gnolls
  A worker ant zombie (D:5)
  2 adders
  2 giant centipedes (D:4)
  2 inept item mimics
  A worm (Sewer)
  An ooze (D:3)
  An orc (D:6)
  3 giant cockroaches
  A hobgoblin (D:2)
  A quokka (D:6)
  2 kobolds
33 creatures vanquished.

Vanquished Creatures (others)
  A queen bee (Lair:1)
  6 crimson imps
  An iron imp (D:8)
  2 shadow imps
  15 white imps
  3 toadstools (D:1)
28 creatures vanquished.

Grand Total: 252 creatures vanquished

Notes
Turn   | Place    | Note
--------------------------------------------------------------
     0 | D:1      | Faustar, the Deep Elf Wizard, began the quest for the Orb.
     0 | D:1      | Reached XP level 1. HP: 10/10 MP: 6/6
   120 | D:1      | Reached XP level 2. HP: 15/15 MP: 1/9
   833 | D:1      | Reached XP level 3. HP: 17/19 MP: 2/12
  1405 | D:2      | Learned a level 2 spell: Call Imp
  1409 | D:2      | Learned a level 3 spell: Mephitic Cloud
  1699 | D:2      | Noticed Jessica
  1726 | D:2      | Reached XP level 4. HP: 15/24 MP: 1/15
  1845 | D:2      | Found an ancient bone altar of Kikubaaqudgha.
  1855 | D:2      | Killed Jessica
  2557 | D:3      | Noticed Terence
  2574 | D:3      | Killed Terence
  2574 | D:3      | Reached skill level 1 in Air Magic
  2757 | D:3      | Reached skill level 1 in Poison Magic
  2856 | D:3      | Noticed Grinder
  2883 | D:3      | Found an iron altar of Okawaru.
  2883 | D:3      | Found a bloodstained altar of Trog.
  2890 | D:3      | Reached XP level 5. HP: 28/28 MP: 7/18
  3342 | D:4      | Noticed Sigmund
  3636 | D:4      | Found a glowing golden altar of the Shining One.
  3661 | D:4      | Found a glowing drain.
  3724 | Sewer    | Entered a sewer
  4798 | D:5      | Entered Level 5 of the Dungeon
  4798 | D:5      | Noticed an ogre
  4817 | D:4      | Killed an ogre
  4817 | D:4      | Reached XP level 6. HP: 28/32 MP: 5/20
  5506 | D:4      | Killed Sigmund
  5506 | D:4      | Reached skill level 5 in Conjurations
  5570 | D:4      | Found a shattered altar of Ashenzari.
  5612 | D:4      | Reached skill level 5 in Spellcasting
  6140 | D:5      | Reached XP level 7. HP: 20/36 MP: 10/23
  7006 | D:5      | Reached skill level 6 in Spellcasting
  7173 | D:6      | Found a sparkling altar of Nemelex Xobeh.
  7321 | D:5      | Paralysed by a potion of paralysis for 5 turns
  7327 | D:5      | Gained mutation: You are clumsy. (Dex -2) [potion of mutation]
  7327 | D:5      | Gained mutation: Your flesh is cold resistant. [potion of mutation]
  7327 | D:5      | Gained mutation: You are robust (+10% HP). [potion of mutation]
  7599 | D:6      | Found an ancient bone altar of Kikubaaqudgha.
  7874 | D:6      | Reached skill level 7 in Spellcasting
  8298 | D:6      | Reached XP level 8. HP: 45/45 MP: 5/26
  8998 | D:6      | Noticed Duvessa
  9159 | D:6      | Noticed Dowan
  9178 | D:6      | Killed Duvessa
  9190 | D:6      | Killed Dowan
  9583 | D:7      | Found Psixecag's Food Emporium.
  9632 | D:7      | Reached skill level 8 in Conjurations
  9706 | D:7      | Reached skill level 5 in Air Magic
  9829 | D:7      | Found Cumous' Book Shoppe.
 10137 | D:7      | Found Ega Heuh's Assorted Antiques.
 10236 | D:7      | Found a staircase to the Ecumenical Temple.
 10264 | Temple   | Entered the Ecumenical Temple
 10367 | Temple   | Became a worshipper of Vehumet
 10743 | D:8      | Found a staircase to the Lair.
 10774 | D:8      | Reached skill level 9 in Conjurations
 10774 | D:8      | Reached XP level 9. HP: 49/49 MP: 2/27
 11563 | Lair:1   | Entered Level 1 of the Lair of Beasts
 11624 | Lair:1   | Reached skill level 10 in Conjurations
 11909 | Lair:1   | Noticed a black mamba
 11938 | Lair:1   | Slain by a black mamba

Action                   |  1- 3 |  4- 6 |  7- 9 || total
-------------------------+-------+-------+-------++-------
Melee: Unarmed           |    28 |       |       ||    28
       Dagger            |       |     5 |    24 ||    29
 Cast: Magic Dart        |    96 |   200 |   336 ||   632
       Mephitic Cloud    |     2 |    27 |    57 ||    86
       Call Imp          |     1 |    17 |    90 ||   108
Evoke: Wand              |       |       |    23 ||    23
  Use: Scroll            |       |     3 |    11 ||    14
       Potion            |       |     2 |    10 ||    12
